 Dungeon Crawl Stone Soup version 0.28.0-49-g6dfe1f597d (webtiles) character file.

Game seed: 5239663196393286012

35 Atelerd the Digger (level 3, -1/21 HPs)
             Began as an Octopode Earth Elementalist on May 14, 2022.
             Slain by a gnoll
             ... wielding a +0 spear
              (6 damage)
             ... on level 3 of the Dungeon.
             The game lasted 00:01:01 (2079 turns).

Atelerd the Digger (Octopode Earth Elementalist)    Turns: 2079, Time: 00:01:02

Health: -1/21      AC:  1    Str:  7    XL:     3   Next: 35%
Magic:  5/6        EV: 13    Int: 19    God:
Gold:   42         SH:  0    Dex: 12    Spells: 6/7 levels left

rFire   . . .      SeeInvis .   f - +0 dagger
rCold   . . .      Faith    .   (no shield)
rNeg    . . .      Spirit   .   (helmet restricted)
rPois   .          Reflect  .   (no amulet)
rElec   .          Harm     .   (no ring)
rCorr   .          Rampage  .   (no ring)
Will    .....                   (no ring)
Stlth   +++.......              (no ring)
HPRegen 0.07/turn               (no ring)
MPRegen 0.10/turn               (no ring)
                                (no ring)
                                (no ring)

@: no status effects
A: almost no armour, amphibious, 8 rings, camouflage 1, gelatinous body 1,
(nimble swimmer 1), tentacles
a: no special abilities


You were on level 3 of the Dungeon.
You visited 1 branch of the dungeon, and saw 3 of its levels.

You collected 42 gold pieces.

Inventory:

Hand Weapons
 f - a +0 dagger (weapon)
Missiles
 b - 69 stones
Jewellery
 k - a +4 ring of protection
Scrolls
 g - a scroll of teleportation {unknown}
 h - a scroll of noise {unknown}
 i - a scroll of enchant weapon {unknown}
 j - 5 scrolls of identify {unknown}
 l - a scroll of holy word {unknown}
Potions
 a - a potion of invisibility {unknown}
 c - a potion of lignification {unknown}
 d - 2 potions of curing {unknown}
 e - 2 potions of heal wounds {unknown}


   Skills:
 + Level 0.1 Fighting
 + Level 0.1 Short Blades
 - Level 2.0 Dodging
 - Level 2.6 Stealth
 + Level 2.5 Spellcasting
 + Level 1.0 Transmutations
 + Level 3.8 Earth Magic


You had 6 spell levels left.
You knew the following spells:

 Your Spells              Type           Power      Damage    Failure   Level
a - Sandblast             Erth           34%        2d9       3%          1

Your spell library contained the following spells:

 Spells                   Type           Power      Damage    Failure   Level
 Passwall                 Tmut/Erth      9%         N/A       9%          2
 Stone Arrow              Conj/Erth      18%        3d8       22%         3
 Corpse Rot               Necr/Air       4%         N/A       24%         2
 Petrify                  Tmut/Erth      11%        N/A       50%         4
 Hailstorm                Conj/Ice       2%         3d3       85%         4
 Summon Lightning Spire   Summ/Air       2%         N/A       85%         4
 Silence                  Hex/Air        1%         N/A       99%         5


Dungeon Overview and Level Annotations

Branches:
Dungeon (3/15)

Altars:


Innate Abilities, Weirdness & Mutations

You cannot wear most types of armour.
You are amphibious.
You can wear up to eight rings at the same time.
Your skin changes colour to match your surroundings (Stealth+).
Your rubbery body absorbs attacks. (AC +1, EV +1)
((You are camouflaged when in or above water. (Stealth+)))
You have tentacles for arms and can constrict up to eight enemies at once.


Message History

Done exploring.
No target in view!
Done exploring.
No target in view!
You can't see any susceptible monsters within range! (Use Z to cast anyway.)
(D) Dungeon
Where to? (Enter - D:2, ? - help)
What level of the Dungeon? (default 1, ? - help)
There is a stone staircase leading down here.
You climb downwards.
Found a stone staircase leading down.
There is a stone staircase leading up here.
j - 5 scrolls labelled MAIKLI UK XAA (gained 3)
A hobgoblin comes into view.
A hobgoblin is nearby!
A gnoll comes into view. It is wielding a +0 flail.
A gnoll comes into view. It is wielding a +0 spear.
The gnoll moves out of view.
There are monsters nearby!
Found a glowing dagger.
The gnoll shouts!
The hobgoblin shouts!
There are monsters nearby!
The blast of sand hits the hobgoblin.
The hobgoblin is almost dead.
The gnoll shouts!
A gnoll comes into view. It is wielding a +0 whip.
An endoplasm comes into view.
The gnoll hits you from afar with a +0 spear!
The blast of sand hits the hobgoblin.
You kill the hobgoblin!
The gnoll shouts!
The endoplasm quivers.
The gnoll hits you from afar with a +0 spear!
* * * LOW HITPOINT WARNING * * *
You are too injured to fight recklessly!
Unknown command.
A ball python comes into view.
There is a stone staircase leading up here.
The gnoll hits you from afar with a +0 spear.
You die...

... ..
######### ..
#.J...g.# .
#.#####.#
#.#.#.#..@#
###.#g..#.#.#
###J..J.#.#...#
.......g....>.#
###.#+#.#.....#
.. .g###.#.# #.
.... #.... .
...## ###..
.... )


You could see a gnoll.

Vanquished Creatures
  A dart slug (D:2)
  5 ball pythons
  3 endoplasms (D:1)
  A giant cockroach (D:2)
  6 hobgoblins
  A bat (D:1)
  9 goblins
  2 rats
28 creatures vanquished.

Notes
Turn   | Place    | Note
-------+----------+-------------------------------------------
     0 | D:1      | Atelerd the Octopode Earth Elementalist began the quest for
                  | the Orb.
     0 | D:1      | Reached XP level 1. HP: 11/11 MP: 3/3
   350 | D:1      | Got the Almanac of Weightlessness and Ice
   412 | D:1      | Reached XP level 2. HP: 11/17 MP: 0/5
  1232 | D:1      | Found a faded altar of an unknown god.
  1523 | D:2      | Reached XP level 3. HP: 21/21 MP: 4/6
  2079 | D:3      | Slain by a gnoll

Illustrated notes

Levels and vault maps discovered:
D:1:      dpeg_arrival_rooms_b, layout_rooms,
          shapermc_ecumenical_altar_hornbeckon, minmay_tromino_v4_a
D:2:      layout_rooms
D:3:      layout_basic, ebering_ghost_reflecting_pool, minmay_misc_feat_chi,
          minmay_misc_feat_plants, kennysheep_orc_chapel

Action                   || total
-------------------------++-------
Melee: Constrict         ||     5
       Unarmed           ||     3
       Dagger            ||    13
       Punch             ||     1
       Tentacles         ||     1
 Cast: Sandblast         ||    35
 Stab: Sleeping          ||     1
Armor: Skin              ||     5
Dodge: Dodged            ||    15
